AoeStats
← eyupfc

African Clearing

506725795Analyzed
3v3 RM · 18d ago on Sep 14, 2026· 26m 24s· 6 players
Game mode
Random Map
Map size
Normal (6 player)
Population
200
Speed
Normal
Resources
Standard
Victory
Conquest
Starting age
Dark Age
Ending age
Imperial Age
RankedLock teamsTeams togetherTeam positionsShared explorationLock speedFull tech treeHidden civsTurbo modeCheats
Victory
Defeat
🇬🇧 Huns · United Kingdom
1246
+15
🇬🇧 Mongols · United Kingdom
1144
+19
🇬🇧 Berbers · United Kingdom
1096
+21
🇹🇷 Aztecs · Türkiye
1240
-19
🇹🇷 Bulgarians · Türkiye
1203
-18
🇹🇷 Mapuche · Türkiye
1203
-18
eyupfc
3:37 Loom
13:57 Feudal Age
14:09 Champi Runner
15:02 Arson
15:50 Double-Bit Axe
23:04 Scale Mail Armor
25:13 Castle Age
isik.cemil
14:17 Feudal Age
12:34 Loom
18:34 Castle Age
17:49 Double-Bit Axe
KingMoonborn
4:16 Loom
14:27 Feudal Age
15:33 Double-Bit Axe
18:43 Castle Age
King Slug
3:29 Loom
11:40 Feudal Age
15:45 Bloodlines
22:08 Castle Age
21:44 Scale Barding Armor
23:15 Husbandry
22:35 Light Cavalry
24:46 Forging
Slug Life
9:44 Loom
13:11 Feudal Age
14:41 Man-at-Arms
18:55 Castle Age
18:35 Fletching
Father Slugmas
4:07 Loom
4:40 Loom
13:09 Feudal Age
13:59 Double-Bit Axe
15:31 Gold Mining
20:00 Fletching
25:06 Castle Age
25:13 Crossbowman
Connection lost

Rejoining the realm…

Still unreachable

The connection could not be restored.

Session expired

The server has moved on; the page needs a fresh start.